 Dungeon Crawl Stone Soup version 0.31.0-11-ge490571c62 (webtiles) character file.

Game seed: 10290675458582994150

6988 sanka the Basher (level 10, 91/91 HPs)
             Began as a Minotaur Fighter on Jan 26, 2024.
             Was a Believer of the Shining One.
             Quit the game on level 1 of the Orcish Mines.
             The game lasted 00:16:30 (10317 turns).

sanka the Basher (Minotaur Fighter)                Turns: 10317, Time: 00:16:31

Health: 91/91      AC: 18    Str: 28    XL:     10   Next: 81%
Magic:  13/13      EV: 12    Int:  5    God:    the Shining One [**....]
Gold:   105        SH: 11    Dex: 13    Spells: 9/9 levels left

rFire   . . .        a - +0 flail
rCold   . . .        j - +0 kite shield
rNeg    + . .        i - +0 plate armour
rPois   .            (helmet restricted)
rElec   .            (no cloak)
rCorr   .            o - +0 pair of gloves
SInv    .            h - +2 pair of boots
Will    .....        (no amulet) Stlth
                     e - +6 ring of strength
HPRegen 0.35/turn    k - +5 ring of evasion
MPRegen 0.13/turn

%: no passive effects
@: marked, glowing
A: horns 2, retaliatory headbutt
a: Renounce Religion, Divine Shield


You were on level 1 of the Orcish Mines.
You worshipped the Shining One.
The Shining One was pleased with you.
You visited 3 branches of the dungeon, and saw 12 of its levels.
You also visited: Sewer.

You collected 483 gold pieces.
You spent 378 gold pieces at shops.


Innate Abilities, Weirdness & Mutations

You have a pair of horns on your head.
You reflexively headbutt those who attack you in melee.


   Skills:
 + Level 9.0 Fighting
 - Level 12.0 Maces & Flails
 + Level 8.9 Armour
 + Level 8.8 Shields
 + Level 6.5 Invocations


You had 9 spell levels left.
You didn't know any spells.
Your spell library contained the following spells:

 Spells                   Type           Power      Damage    Failure   Level
 Shock                    Conj/Air       0%         1d3       100%        1
 Summon Small Mammal      Summ           0%         N/A       100%        1
 Sublimation of Blood     Necr           0%         N/A       100%        2
 Call Canine Familiar     Summ           0%         N/A       100%        3
 Fugue of the Fallen      Necr           0%         N/A       100%        3
 Ozocubu's Armour         Ice            0%         N/A       100%        3
 Sigil of Binding         Hex            0%         N/A       100%        3
 Swiftness                Air            0%         N/A       100%        3
 Airstrike                Air            0%         2d(0-16)  100%        4
 Dimensional Bullseye     Hex/Tloc       0%         N/A       100%        4
 Manifold Assault         Tloc           0%         N/A       100%        4
 Petrify                  Alch/Erth      0%         N/A       100%        4
 Summon Blazeheart Golem  Fire/Summ      0%         N/A       100%        4
 Irradiate                Conj/Alch      0%         3d11      100%        5

Inventory:

Hand Weapons
 a - a +0 flail (weapon)
Armour
 h - a +2 pair of boots (worn)
 i - a +0 plate armour (worn)
 j - a +0 kite shield (worn)
 o - a +0 pair of gloves (worn)
Jewellery
 c - a +6 ring of dexterity
 e - a +6 ring of strength (left hand)
 k - a +5 ring of evasion (right hand)
 t - a ring of protection from fire
Talismans
 p - a flux talisman
Wands
 l - a wand of digging (6)
 m - a wand of polymorph (14)
 q - a wand of iceblast (4)
 G - a wand of flame (8)
Scrolls
 f - 7 scrolls of identify {@r1}
 g - a scroll of fear
 s - 2 scrolls of teleportation {@r4}
 u - 5 scrolls of poison {!r}
 v - a scroll of silence {!r}
 x - a scroll of enchant armour
 y - 2 scrolls of enchant weapon
 A - 2 scrolls of brand weapon
 E - 3 scrolls of blinking
 F - 2 scrolls of noise {!r}
Potions
 b - 6 potions of curing {@q1}
 d - a potion of might
 n - 3 potions of attraction {!q}
 r - 2 potions of ambrosia {unknown}
 w - 2 potions of lignification {!q}
 z - a potion of invisibility {unknown}
 B - 2 potions of heal wounds {@q2}
 C - 3 potions of mutation {unknown}
 D - a potion of magic {unknown}

Dungeon Overview and Level Annotations

Branches:
Dungeon (10/15)            Temple (1/1) D:4            Lair (0/5) D:10
    Orc (1/2) D:10          Sewer (visited)

Altars:
Ashenzari
Cheibriados
Dithmenos
Elyvilon
Fedhas
Gozag
Hepliaklqana
Kikubaaqudgha
Makhleb
Nemelex Xobeh
Okawaru
Qazlal
Ru
Sif Muna
Trog
Uskayaw
Vehumet
Wu Jian
Xom
Yredelemnul
Zin
The Shining One

Shops:
D:1 ?   D:2 :   D:6 !

Annotations:
D:8 2 transporters, Arcadio's ghost, novice MfSh
D:9 exclusion: obsidian statue
D:10 exclusion: downstairs

▒▒.▒▒.
▒....
▒▒▒....
▒.....
▒.....
▒....▒▒▒
▒.....▒
▒.H..▒
▒........▒
▒▒▒......▒
.....▒▒
.......
.......
..▒....
▒^▒.▒..


There were no monsters in sight!


Message History

You hear a shout!
You hear a shout!
You hear a shout!
You hear a shout!
You hear a shout!
You hear a shout!
You hear a shout!
You hear a shout!
You hear a shout!
You hear a shout!
You hear a shout!
You hear a shout!
You hear a howl!
You hear a shout!
You hear a shout!
You hear a shout!
You hear a shout!
You hear a shout!
You hear a shout!
You hear a shout!
You hear two shouts!
You hear a shout!
You hear a shout!
You hear a shout!
You hear a shout!
You hear a shout!
You hear a shout!
You hear a shout!
There is a staircase back to the Dungeon here.
Are you sure you want to abandon this character and quit the game? (Confirm with "yes".)

Action                     |  1- 3 |  4- 6 |  7- 9 | 10-12 || total
---------------------------+-------+-------+-------+-------++-------
  Melee: Flail             |    58 |    90 |   241 |    92 ||   481
         Headbutt          |     5 |    10 |    67 |    33 ||   115
    Use: Potion            |       |     3 |       |       ||     3
         Scroll            |       |       |     8 |       ||     8
 Armour: Scale mail        |    39 |    40 |    47 |       ||   126
         Skin              |       |     1 |       |       ||     1
         Plate armour      |       |       |   124 |    45 ||   169
  Dodge: Dodged            |    28 |    55 |   157 |    30 ||   270
  Block: Buckler           |    26 |    14 |    48 |       ||    88
         Kite shield       |       |       |       |    43 ||    43

Levels and vault maps discovered:
D:1:      psy_arrival_whirlpool, layout_basic, serial_shops, shop
D:2:      cheibrodos_fertilizer, layout_basic, nicolae_shop_vocational,
          uniq_natasha
D:3:      layout_rooms
D:4:      layout_layer_cave, overflow_temple_1_default,
          minmay_temple_entry_waves
D:5:      layout_basic, mainiacjoe_sewer_entry_somewhere_in_here_2
D:6:      layout_cave_pools, serial_shops, nicolae_shop_tiny_real_fake_doors
D:7:      layout_basic
D:8:      layout_loops_corners, gammafunk_ghost_arena,
          kennysheep_decorative_pillar, kennysheep_opposing_triangles
D:9:      layout_stronghold, minivault_15
D:10:     layout_basic, grunt_lair_entry_orc_guard_hut, orc_0_dummy
Temple:   mainiacjoe_temple_starburst
Orc:1:    layout_diamond_mine, nicolae_orc_beogh_chapel, uniq_urug

Notes
Turn   | Place    | Note
-------+----------+-------------------------------------------
     0 | D:1      | sanka the Minotaur Fighter began the quest for the Orb.
     0 | D:1      | Reached XP level 1. HP: 19/19 MP: 0/0
    80 | D:1      | Found Tyunu's Magic Scroll Shop.
   136 | D:1      | Reached skill level 4 in Fighting
   136 | D:1      | Reached skill level 3 in Maces & Flails
   136 | D:1      | Reached XP level 2. HP: 25/27 MP: 1/1
   631 | D:2      | Reached skill level 4 in Maces & Flails
   679 | D:2      | Reached XP level 3. HP: 33/33 MP: 2/2
   974 | D:2      | Reached skill level 5 in Maces & Flails
   974 | D:2      | Reached XP level 4. HP: 32/40 MP: 3/3
  1037 | D:2      | Found a shimmering altar of Xom.
  1037 | D:2      | Found a sparkling altar of Nemelex Xobeh.
  1037 | D:2      | Found a broken altar of Ashenzari.
  1037 | D:2      | Found a shimmering blue altar of Sif Muna.
  1037 | D:2      | Found a burning altar of Makhleb.
  1037 | D:2      | Found a burning altar of Makhleb.
  1082 | D:2      | Found Vahoan's Vocational Training.
  1084 | D:2      | Noticed Natasha
  1090 | D:2      | Killed Natasha
  1091 | D:2      | Reached skill level 6 in Maces & Flails
  1211 | D:2      | Reached XP level 5. HP: 46/46 MP: 4/4
  1331 | D:2      | Found Vahoan's Vocational Training.
  1373 | D:2      | Found a shimmering altar of Xom.
  1373 | D:2      | Found a sparkling altar of Nemelex Xobeh.
  1373 | D:2      | Found a broken altar of Ashenzari.
  1373 | D:2      | Found a shimmering blue altar of Sif Muna.
  1373 | D:2      | Found a burning altar of Makhleb.
  1373 | D:2      | Found a burning altar of Makhleb.
  1434 | D:2      | Noticed Natasha
  1438 | D:2      | Killed Natasha
  1826 | D:2      | Noticed Natasha
  1833 | D:2      | Killed Natasha
  2061 | D:3      | Reached skill level 7 in Maces & Flails
  2065 | D:3      | Reached XP level 6. HP: 14/52 MP: 5/5
  2700 | D:4      | Found a staircase to the Ecumenical Temple.
  2719 | Temple   | Entered the Ecumenical Temple
  2776 | Temple   | Became a worshipper of the Shining One
  2961 | D:4      | Reached skill level 8 in Maces & Flails
  3275 | D:4      | Found a shadowy altar of Dithmenos.
  3370 | D:5      | Entered Level 5 of the Dungeon
  3377 | D:5      | Reached skill level 9 in Maces & Flails
  3377 | D:5      | Reached XP level 7. HP: 59/59 MP: 6/6
  3590 | D:5      | Reached skill level 10 in Maces & Flails
  3662 | D:5      | Found a glowing drain.
  3695 | Sewer    | Entered a sewer
  3783 | Sewer    | Noticed Pargi
  3790 | Sewer    | Killed Pargi
  3828 | Sewer    | Reached skill level 11 in Maces & Flails
  3828 | Sewer    | Reached XP level 8. HP: 55/66 MP: 4/7
  3972 | D:5      | Reached * piety under the Shining One
  4663 | D:1      | Bought a scroll of blinking for 90 gold pieces
  4663 | D:1      | Bought a scroll of identify for 24 gold pieces
  4663 | D:1      | Bought a scroll of teleportation for 36 gold pieces
  4663 | D:1      | Bought a scroll of noise for 12 gold pieces
  4663 | D:1      | Bought a scroll of poison for 48 gold pieces
  4767 | D:6      | Reached skill level 12 in Maces & Flails
  4808 | D:6      | Found Yjeuh's Distillery.
  4825 | D:6      | Reached skill level 4 in Armour
  4825 | D:6      | Reached skill level 4 in Shields
  4825 | D:6      | Reached skill level 1 in Invocations
  5322 | D:7      | Reached skill level 2 in Invocations
  5328 | D:7      | Reached skill level 5 in Fighting
  5421 | D:7      | Reached skill level 5 in Armour
  5421 | D:7      | Reached skill level 5 in Shields
  5752 | D:7      | Reached XP level 9. HP: 74/74 MP: 8/10
  6054 | D:6      | Bought a potion of heal wounds for 70 gold pieces
  6054 | D:6      | Bought a potion of curing for 42 gold pieces
  6054 | D:6      | Bought a potion of degeneration for 14 gold pieces
  6054 | D:6      | Bought a potion of attraction for 42 gold pieces
  6163 | D:8      | Reached skill level 3 in Invocations
  6558 | D:9      | Noticed a troll
  6571 | D:9      | Killed a troll
  6572 | D:9      | Reached skill level 6 in Fighting
  6703 | D:9      | Reached skill level 6 in Armour
  6703 | D:9      | Reached skill level 6 in Shields
  6864 | D:9      | Reached skill level 4 in Invocations
  7063 | D:9      | Noticed an obsidian statue
  7064 | D:9      | Noticed a rust devil
  7600 | D:10     | Entered Level 10 of the Dungeon
  7760 | D:8      | Noticed Arcadio's ghost (novice MfSh)
  7761 | D:8      | Noticed a two-headed ogre
  7896 | D:8      | Reached ** piety under the Shining One
  7983 | D:8      | Found a transporter.
  7987 | D:8      | Found a transporter.
  8075 | D:8      | Reached skill level 7 in Fighting
  8176 | D:8      | Reached skill level 7 in Armour
  8176 | D:8      | Reached skill level 7 in Shields
  8873 | D:8      | Reached skill level 5 in Invocations
  8873 | D:8      | Reached XP level 10. HP: 86/86 MP: 12/12
  9546 | D:10     | Found a staircase to the Orcish Mines.
  9721 | D:10     | Reached skill level 8 in Fighting
  9726 | D:10     | Noticed a centaur warrior
  9744 | D:10     | Killed a centaur warrior
  9745 | D:10     | Reached skill level 8 in Armour
  9745 | D:10     | Reached skill level 8 in Shields
  9745 | D:10     | Reached skill level 6 in Invocations
 10251 | D:10     | Found a staircase to the Lair.
 10258 | D:10     | Reached skill level 9 in Fighting
 10316 | Orc:1    | Entered Level 1 of the Orcish Mines
 10317 | Orc:1    | Quit the game

Vanquished Creatures
  A centaur warrior (D:10)
  2 komodo dragons (D:10)
  2 hornets
  A troll (D:9)
  4 yaks
  A wraith (D:10)
  3 shadows
  2 wyverns
  2 steam dragons (D:8)
  A vampire mosquito (D:8)
  A water moccasin (D:7)
  Pargi (Sewer)
  A sky beast (D:7)
  2 black bears
  4 orc warriors
  An ogre (D:5)
  3 centaurs
  2 brain worms (Sewer)
  4 bullfrogs
  3 scorpions
  9 killer bees
  3 howler monkeys
  7 jellies
  2 bombardier beetles (D:5)
  A lava snake (D:8)
  7 orc priests
  4 hounds
  4 iguanas
  8 orc wizards
  A sleepcap (D:5)
  Natasha (thrice) (D:2)
  A gnoll (D:9)
  4 adders
  3 dart slugs (D:1)
  A ribbon worm (D:4)
  35 orcs
  11 endoplasms
  2 giant cockroaches
  6 goblins
  8 hobgoblins
  4 jackals (D:4)
  2 quokkas
  4 ball pythons
  A bat (D:2)
  5 frilled lizards
  12 kobolds
  5 rats
194 creatures vanquished.

Vanquished Creatures (others)
  An orc (D:8)
1 creature vanquished.

Grand Total: 195 creatures vanquished
